 Dungeon Crawl Stone Soup version 0.31.0-32-g396128a36d (webtiles) character file.

Game seed: 17591044492132411961

13855 TacoSundae the Basher (level 11, -3/94 HPs)
             Began as an Armataur Fighter on Apr 13, 2024.
             Was a High Priest of Okawaru.
             Killed from afar by Lodul (30 damage)
             ... with a bolt of lightning
             ... on level 11 of the Dungeon on Apr 14, 2024.
             The game lasted 00:42:39 (9771 turns).

TacoSundae the Basher (Armataur Fighter)            Turns: 9771, Time: 00:42:40

Health: -3/94      AC: 14    Str: 25    XL:     11   Next: 81%
Magic:  15/15      EV:  9    Int:  9    God:    Okawaru [*****.]
Gold:   706        SH:  5    Dex: 10    Spells: 10/10 levels left

rFire   . . .        L - +3 mace
rCold   . . .        c - +0 buckler
rNeg    . . .        y - +3 scale mail {Will+}
rPois   +            v - +0 helmet
rElec   .            (no cloak)
rCorr   +            (no gloves)
SInv    .            (no barding)
Will    +....        o - amulet of regeneration
Stlth   +            N - ring of poison resistance
HPRegen 1.15/turn    C - ring of resist corrosion
MPRegen 0.14/turn

%: roll
@: heroic
A: large, deformed body, tough skin 3, armoured tail, roll 2
a: Renounce Religion, Heroism, Finesse, Duel


You were on level 11 of the Dungeon.
You worshipped Okawaru.
Okawaru was extremely pleased with you.
You visited 3 branches of the dungeon, and saw 13 of its levels.
You also visited: Ossuary and Bailey.

You collected 740 gold pieces.
You spent 34 gold pieces at shops.

Inventory:

Hand Weapons
 a - a +1 heavy flail
 L - a +3 mace (weapon)
Missiles
 k - a curare-tipped dart
 m - 5 poisoned darts (quivered)
 J - a throwing net
Armour
 b - a +1 scale mail
 c - a +0 buckler (worn)
 v - a +0 helmet (worn)
 y - a +3 scale mail of willpower (worn)
 E - a +2 plate armour of cold resistance
Jewellery
 d - a ring of protection from cold
 f - an amulet of reflection
 h - an amulet of magic regeneration
 o - an amulet of regeneration (around neck)
 C - a ring of resist corrosion (right hand)
 H - a ring of see invisible
 I - a ring of protection from fire
 N - a ring of poison resistance (left hand)
Wands
 t - a wand of mindburst (7)
 F - a wand of flame (27)
 G - a wand of light (13)
Scrolls
 e - 2 scrolls of poison
 i - 5 scrolls of teleportation
 l - a scroll of enchant armour
 q - a scroll of revelation
 r - a scroll of blinking
 u - a scroll of fear
 x - a scroll of enchant weapon
 K - a scroll of fog
 M - a scroll of identify
Potions
 g - 3 potions of haste
 j - 3 potions of curing
 n - 5 potions of heal wounds
 p - a potion of ambrosia
 s - a potion of resistance
 w - 2 potions of magic
 z - 3 potions of brilliance
 A - 2 potions of might
 B - 2 potions of lignification
 D - 2 potions of attraction


   Skills:
 + Level 8.1(13.1) Fighting
 * Level 13.0(18.0) Maces & Flails
 + Level 10.6(15.6) Armour
 - Level 3.2(8.2) Shields
 + Level 5.7 Invocations


You had 10 spell levels left.
You didn't know any spells.
Your spell library contained the following spells:

 Spells                   Type           Power      Damage    Failure   Level
 Kiss of Death            Conj/Necr      0%         2d5       65%         1
 Sting                    Conj/Alch      0%         1d3       65%         1
 Jinxbite                 Hex            0%         N/A       78%         2
 Lesser Beckoning         Tloc           0%         N/A       78%         2
 Mercury Vapours          Alch/Air       0%         N/A       78%         2
 Confusing Touch          Hex            0%         N/A       95%         3
 Gell's Gravitas          Tloc           0%         N/A       95%         3
 Inner Flame              Hex/Fire       0%         N/A       95%         3
 Teleport Other           Tloc           0%         N/A       95%         3
 Dispel Undead            Necr           0%         3d6       100%        4
 Olgreb's Toxic Radiance  Alch           0%         N/A       100%        4
 Irradiate                Conj/Alch      0%         3d11      100%        5
 Yara's Violent Unravell  Hex/Alch       0%         3d3       100%        5
 Enfeeble                 Hex            0%         N/A       100%        7
 Ignition                 Fire           0%         3d3       100%        8


Dungeon Overview and Level Annotations

Branches:
Dungeon (11/15)            Temple (1/1) D:5             Orc (1/2) D:9
Ossuary (visited)          Bailey (visited)
   Lair: D:8-11

Altars:
Ashenzari
Cheibriados
Dithmenos
Elyvilon
Fedhas
Gozag
Hepliaklqana
Kikubaaqudgha
Makhleb
Nemelex Xobeh
Okawaru
Qazlal
Ru
Sif Muna
Trog
Uskayaw
Vehumet
Wu Jian
Xom
Yredelemnul
Zin
The Shining One

Shops:
D:4 !   D:8 ?

Annotations:
D:11 Lodul


Innate Abilities, Weirdness & Mutations

Armour fits poorly on your strangely shaped body.
You have extremely tough skin. (AC +3)
You have a long armoured tail.
You regenerate magic and health when rolling toward enemies. (Rampage Regen)


Message History

The white ugly thing is moderately wounded.
The white ugly thing completely misses you.
You hit the white ugly thing. You tail-slap the white ugly thing!
The white ugly thing is heavily wounded.
You block the white ugly thing's attack.
You sock the white ugly thing!
The white ugly thing is severely wounded.
Electricity crackles from Lodul's apparatus.
The bolt of lightning hits you!! The white ugly thing claws you.
The white ugly thing freezes you!!
You closely miss the white ugly thing.
The white ugly thing is severely wounded.
You sock the white ugly thing!
Your tail-slap misses the white ugly thing.
The white ugly thing is almost dead.
The white ugly thing claws you but does no damage.
You hit the white ugly thing.
The white ugly thing is almost dead.
You block the white ugly thing's attack.
You thump the white ugly thing!
You kill the white ugly thing!
Okawaru is honoured by your kill.
Your base Maces & Flails skill increases to level 13!
You sock the yak! You tail-slap the yak.
The yak is heavily wounded.
The yak gores you!
* * * LOW HITPOINT WARNING * * *
You hit the yak.
The yak is heavily wounded.
You sock the yak!
You tail-slap the yak, but do no damage.
The yak is almost dead.
The yak barely misses you.
You sock the yak!
You kill the yak!
Okawaru accepts your kill.
Lodul jingles a heavy purse and winks.
Electricity crackles from Lodul's apparatus.
The bolt of lightning hits you!!
You die...

#..# #..# #.##
#..####..####.#
#..##....##..#
#....(......#
#.....##...##
##...######.## #..###
##...## #..# ##.....####
## #@## #.......<.. ..
#Y# #..........
##..###O################
....O.Y.O..†..u..... Y
###.#####)#####.#### .Y
⌠.Y.⌠##$o(## #YY#
#..#.#.#.### ....
##Y†Y.$.....
#..#..#(o#..###


You could see Lodul, 2 yaks and an ogre.

Vanquished Creatures
  A hydra (D:10)
  A boulder beetle (D:11)
  A two-headed ogre (D:11)
  An orc knight (Bailey)
  2 deep elf pyromancers
  A harpy (shapeshifter) (D:11)
  2 cyclopes (D:11)
  An ugly thing (D:11)
  A kobold demonologist (D:11)
  A komodo dragon (D:11)
  2 trolls (D:10)
  A slime creature (D:11)
  A wyvern (D:9)
  19 yaks
  Eustachio (D:4)
  A steam dragon (D:8)
  Menkaure (Ossuary)
  2 acid dragons
  3 water moccasins
  7 orc warriors
  3 black bears
  An ice beast (D:5)
  2 ogres
  2 phantoms
  3 centaurs
  2 kobold brigands
  5 bullfrogs
  2 scorpions (D:5)
  15 wights
  3 killer bees (D:9)
  4 electric eels (D:10)
  A centaur zombie (Ossuary)
  A hound (D:5)
  A human zombie (Ossuary)
  10 orc priests
  3 jellies
  A sleepcap (D:5)
  3 iguanas
  9 orc wizards
  4 ogre zombies (Ossuary)
  6 mummies (Ossuary)
  5 gnolls
  8 adders
  2 adder zombies (Ossuary)
  3 dart slugs
  29 orcs
  6 bats
  5 endoplasms
  4 giant cockroaches
  11 goblins
  5 hobgoblins
  6 ball pythons
  5 frilled lizards
  4 goblin zombies (Ossuary)
  8 hobgoblin zombies (Ossuary)
  17 kobolds
  3 kobold zombies (Ossuary)
  3 quokka zombies (Ossuary)
  3 rats
  4 rat zombies (Ossuary)
262 creatures vanquished.

Vanquished Creatures (others)
  A bombardier beetle (D:3)
  An orc (D:9)
2 creatures vanquished.

Grand Total: 264 creatures vanquished

Notes
Turn   | Place    | Note
-------+----------+-------------------------------------------
     0 | D:1      | TacoSundae the Armataur Fighter began the quest for the
                  | Orb.
     0 | D:1      | Reached XP level 1. HP: 18/18 MP: 1/1
    53 | D:1      | Reached skill level 2 in Maces & Flails
   344 | D:1      | Reached XP level 2. HP: 25/25 MP: 2/2
   753 | D:2      | Reached skill level 3 in Maces & Flails
   843 | D:2      | Reached XP level 3. HP: 30/30 MP: 3/3
  1033 | D:2      | Found a faded altar of an unknown god.
  1257 | D:3      | Found a snail-covered altar of Cheibriados.
  1264 | D:3      | Reached skill level 4 in Maces & Flails
  1264 | D:3      | Reached XP level 4. HP: 37/37 MP: 4/4
  2193 | D:4      | Noticed an ogre
  2193 | D:4      | Found Ugisas's Distillery.
  2198 | D:4      | Killed an ogre
  2199 | D:4      | Reached skill level 5 in Maces & Flails
  2199 | D:4      | Reached XP level 5. HP: 42/42 MP: 5/5
  2204 | D:4      | Bought a potion of degeneration for 10 gold pieces
  2242 | D:4      | Noticed Eustachio
  2251 | D:4      | Killed Eustachio
  2252 | D:4      | Reached skill level 6 in Maces & Flails
  2252 | D:4      | Reached XP level 6. HP: 36/50 MP: 6/6
  2346 | D:4      | Found a sand-covered staircase.
  2364 | Ossuary  | Entered an ossuary
  2821 | Ossuary  | Reached skill level 7 in Maces & Flails
  2821 | Ossuary  | Gained mutation: You regenerate magic and health when
                  | rolling toward enemies. (Rampage Regen) [Armataur growth]
  2821 | Ossuary  | Reached XP level 7. HP: 46/56 MP: 7/7
  2997 | Ossuary  | Noticed Menkaure
  3009 | Ossuary  | Killed Menkaure
  3716 | D:5      | Entered Level 5 of the Dungeon
  3787 | D:4      | Reached skill level 8 in Maces & Flails
  3787 | D:4      | Reached XP level 8. HP: 9/63 MP: 8/8
  3918 | D:5      | Found a hide-covered altar of Uskayaw.
  4033 | D:5      | Reached skill level 5 in Armour
  4045 | D:5      | Found a staircase to the Ecumenical Temple.
  4077 | Temple   | Entered the Ecumenical Temple
  4086 | Temple   | Became a worshipper of Warmaster Okawaru
  4653 | D:6      | Reached skill level 9 in Maces & Flails
  4664 | D:6      | Found a blossoming altar of Fedhas.
  4716 | D:6      | Reached * piety under Okawaru
  4779 | D:6      | Reached XP level 9. HP: 55/71 MP: 9/9
  5319 | D:7      | Reached skill level 5 in Fighting
  5353 | D:7      | Identified the +8 falchion of the Lost Quests {heavy,
                  | rPois}
  5389 | D:7      | Found a radiant altar of Vehumet.
  5548 | D:7      | Reached skill level 10 in Maces & Flails
  5904 | D:8      | Reached ** piety under Okawaru
  6210 | D:8      | Reached *** piety under Okawaru
  6301 | D:8      | Reached skill level 1 in Invocations
  6352 | D:8      | Found a flagged portal.
  6365 | Bailey   | Entered a bailey
  6453 | Bailey   | Reached XP level 10. HP: 69/83 MP: 10/10
  6594 | Bailey   | Found a large runed translucent door.
  6594 | Bailey   | Found a large runed translucent door.
  6595 | Bailey   | Noticed a deep elf pyromancer
  6596 | Bailey   | Noticed an orc knight
  6608 | Bailey   | Killed an orc knight
  6609 | Bailey   | Reached skill level 11 in Maces & Flails
  6623 | Bailey   | Killed a deep elf pyromancer
  6944 | D:8      | Found The Oracle's Delphic Readings.
  6949 | D:8      | Bought a scroll of identify for 24 gold pieces
  7239 | D:9      | Found a staircase to the Orcish Mines.
  7302 | D:9      | Reached **** piety under Okawaru
  7421 | D:9      | Found a basalt altar of Yredelemnul.
  7430 | D:9      | Found a broken altar of Ashenzari.
  7679 | D:9      | Found an ornate altar of the Wu Jian Council.
  8282 | Orc:1    | Entered Level 1 of the Orcish Mines
  8292 | D:10     | Entered Level 10 of the Dungeon
  8370 | D:10     | Reached ***** piety under Okawaru
  8449 | D:10     | Noticed a four-headed hydra
  8459 | D:10     | Killed a four-headed hydra
  8460 | D:10     | Reached skill level 12 in Maces & Flails
  8460 | D:10     | Reached XP level 11. HP: 41/92 MP: 12/14
  8753 | D:10     | Found a sacrificial altar of Ru.
  9098 | D:10     | Found a burning altar of Makhleb.
  9482 | D:11     | Noticed a two-headed ogre
  9497 | D:11     | Killed a two-headed ogre
  9534 | D:11     | Noticed a boulder beetle
  9560 | D:11     | Killed a boulder beetle
  9609 | D:11     | Reached skill level 10 in Armour
  9644 | D:11     | Reached skill level 5 in Invocations
  9668 | D:11     | Noticed a deep elf pyromancer
  9676 | D:11     | Killed a deep elf pyromancer
  9688 | D:11     | Noticed a harpy
  9694 | D:11     | Killed a harpy
  9694 | D:11     | Received a gift from Okawaru
  9697 | D:11     | Noticed an orc knight
  9715 | D:11     | Noticed Lodul
  9719 | D:11     | Noticed a white ugly thing
  9767 | D:11     | Killed a white ugly thing
  9768 | D:11     | Reached skill level 13 in Maces & Flails
  9771 | D:11     | Killed from afar by Lodul

Illustrated notes

Levels and vault maps discovered:
D:1:      minmay_arrival_split_and_join, layout_loops_ring, minivault_26
D:2:      layout_rooms, basic_ecumenical_altar
D:3:      layout_basic, chei_slow_surprise
D:4:      layout_gridville, serial_shops, nicolae_stop_n_shop_1,
          nicolae_ossuary_entry_false_entrances, minmay_hedge_maze,
          uniq_eustachio
D:5:      layout_rooms, nicolae_uskayaw_murder_on_the_dancefloor,
          minmay_temple_entry_water_ring, chequers_serial_rivers_micro_b
D:6:      layout_rooms, fedhas_ov_isle_minmay, grunt_ministairs_1,
          hangedman_decor_growths, grunt_decor_clamped,
          nicolae_fountain_basement
D:7:      layout_basic, fiery_altar_vehumet
D:8:      layout_rooms, enter_bailey_7, serial_co_window_serial,
          co_window_corner_a, co_window_paths_a, co_window_of_opportunity_a,
          co_window_of_opportunity_a, co_window_cross_1, co_window_corner_a,
          co_window_broadway_a, co_window_broadway_b, co_window_cross_2,
          co_window_corner_b, co_window_of_opportunity_b, co_window_paths_d,
          co_window_4corner_b, glass_columns_a, glass_columns_c,
          glass_columns_a, glass_columns_a, minmay_holes, nrook_loot_triangle,
          nicolae_nh_oracle_at_delphi
D:9:      layout_stronghold, nzn_wu_jian_contemplation,
          amethyst_overflow_temple_binary, david_orc_3,
          chequers_serial_rivers_large_a
D:10:     layout_basic, mainiacjoe_overflow_24_doors, bloody_makhleb
D:11:     minmay_the_grid_square_5x5_5x5 [minmay_the_grid_square_5x5_forky,
          minmay_the_grid_square_5x5_gyroscope,
          minmay_the_grid_square_5x5_eight_small,
          minmay_the_grid_square_5x5_longway, minmay_the_grid_square_5x5_v,
          minmay_the_grid_square_5x5_doubleslash,
          minmay_the_grid_square_5x5_prize_snowflake,
          minmay_the_grid_square_5x5_checkered,
          minmay_the_grid_square_5x5_prize_monsterx,
          minmay_the_grid_square_5x5_six, minmay_the_grid_square_5x5_meh,
          minmay_the_grid_square_5x5_dogpile,
          minmay_the_grid_square_5x5_prize_deathbox,
          minmay_the_grid_square_5x5_detours,
          minmay_the_grid_square_5x5_checkered_sparse,
          minmay_the_grid_square_5x5_corner,
          minmay_the_grid_square_5x5_prize_open,
          minmay_the_grid_square_5x5_percent,
          minmay_the_grid_square_5x5_prize_junk,
          minmay_the_grid_square_5x5_almost_minimal,
          minmay_the_grid_square_5x5_shrine2,
          minmay_the_grid_square_5x5_tri_point, minmay_the_grid_square_5x5_plus,
          minmay_the_grid_square_5x5_inner_v,
          minmay_the_grid_square_5x5_tetrominoes], layout_layer_cave,
          lair_entry_dummy, uniq_lodul
Temple:   nicolae_temple_bog_church
Orc:1:    layout_caves, serial_shops, nicolae_square_shop, mines5_lemuel,
          uniq_erolcha

Skill      XL: |  1  2  3  4  5  6  7  8  9 10 11 |
---------------+----------------------------------+-----
Maces & Flails | 2 3 4 5 6 7 8 9 10 12 13 | 13.0
Armour         | 4 6 8 9 10 | 10.6
Fighting       | 3 4 6 7 8 |  8.1
Invocations    | 1 4 5 |  5.7
Shields        | |  3.2

Action                     |  1- 3 |  4- 6 |  7- 9 | 10-12 || total
---------------------------+-------+-------+-------+-------++-------
  Melee: Flail             |    97 |   120 |   334 |   157 ||   708
         Tailslap          |    11 |    14 |    45 |    60 ||   130
         Mace              |       |       |       |   189 ||   189
  Throw: Dart              |       |       |       |     3 ||     3
 Invoke: Heroism           |       |       |       |     5 ||     5
         Finesse           |       |       |       |     1 ||     1
  Evoke: Wand              |       |     5 |       |       ||     5
    Use: Potion            |       |     1 |     1 |     1 ||     3
         Scroll            |       |       |    20 |     1 ||    21
 Armour: Scale mail        |    47 |    53 |   262 |   270 ||   632
         Skin              |       |       |    14 |       ||    14
  Dodge: Dodged            |    30 |    26 |   105 |    96 ||   257
  Block: Buckler           |    39 |    17 |    70 |    66 ||   192
         Reflection        |     2 |       |       |       ||     2
